TOP OF THE 1ST |
Scottsdale Scorpions batting - Pitching for Kenosha Kingfish : RHP Sid Allen
|
Pitching: RHP Sid Allen
|
|
Batting: RHB Ricardo Gutiérrez
|
0-0: Ball 1-0: Called Strike 1-1: Ball 2-1: Called Strike 2-2: Foul Ball, location: 2F 2-2: Ball 3-2: Base on Balls
|
Batting: RHB Doug Delaney
|
0-0: SINGLE (Line Drive, 9S) Ricardo Gutiérrez to second
|
Batting: SHB William Daly
|
0-0: Ball 1-0: Fielders Choice at 2nd, 1-6 (Groundball, 25) Ricardo Gutiérrez to third
|
Batting: SHB Ralph Robison
|
0-0: Ball William Daly steals 2nd base 1-0: Ball 2-0: Fly out, F8 (Flyball, 8LXD) Runner from 3rd tags up, SCORES, no throw William Daly to third
|
Batting: RHB Geomar Dalsoglio
|
0-0: SINGLE (Line Drive, 6M) William Daly scores
|
Batting: RHB David Suarze
|
0-0: Ball Geomar Dalsoglio steals 2nd base 1-0: Ball 2-0: Foul Ball, location: 2F 2-1: SINGLE (Line Drive, 9LM) Geomar Dalsoglio to third Runner from 3rd tries for Home, SAFE, no throw or cutoff
|
Batting: LHB José Garza
|
0-0: Ball 1-0: 2-RUN HOME RUN (Flyball, 78XD), Distance : 421 ft
|
Batting: LHB Ernesto Hernández
|
0-0: Called Strike 0-1: Fly out, F7 (Flyball, 78D)
|
Top of the 1st over - 5 run(s), 4 hit(s), 0 error(s), 0 left on base; Scottsdale 5 - Kenosha 0 |
BOTTOM OF THE 1ST |
Kenosha Kingfish batting - Pitching for Scottsdale Scorpions : RHP Sterling Caldwell
|
Pitching: RHP Sterling Caldwell
|
|
Batting: RHB Manuel Gómez
|
0-0: Ball 1-0: Called Strike 1-1: Ball 2-1: Swinging Strike 2-2: Foul Ball, location: 2F 2-2: SINGLE (Groundball, 56D)
|
Batting: SHB Devin Smith
|
0-0: Ball 1-0: Called Strike 1-1: SINGLE (Line Drive, 78M) Manuel Gómez to second
|
Batting: RHB Francisco Martínez
|
0-0: Called Strike Manuel Gómez steals 3rd base Devin Smith to second 0-1: Fly out, F4 (Popup, 4M)
|
Batting: LHB Richard Brooks
|
0-0: Ball 1-0: Called Strike 1-1: Called Strike 1-2: Ball 2-2: Strikes out swinging
|
Batting: RHB Matt Rodríguez
|
0-0: Ball 1-0: Called Strike 1-1: Ball 2-1: Foul Ball, location: 2F 2-2: Ball 3-2: Foul Ball, location: 2F 3-2: Base on Balls
|
Batting: SHB Júlio Valentín
|
0-0: Ball 1-0: Called Strike 1-1: Ball 2-1: Ground out 6-3 (Groundball, 6)
|
Bottom of the 1st over - 0 run(s), 2 hit(s), 0 error(s), 3 left on base; Scottsdale 5 - Kenosha 0 |
TOP OF THE 2ND |
Scottsdale Scorpions batting - Pitching for Kenosha Kingfish : RHP Sid Allen
|
Batting: RHB Cristián Román
|
0-0: Ball 1-0: Foul Ball, location: 2F 1-1: Called Strike 1-2: Foul Ball, location: 2F 1-2: Ball 2-2: SINGLE (Groundball, 34)
|
Batting: RHB Ricardo Gutiérrez
|
0-0: Called Strike 0-1: Grounds into double play, 5-4-3 (Groundball, 56)
|
Batting: RHB Doug Delaney
|
0-0: Called Strike 0-1: Ball 1-1: DOUBLE (Line Drive, 9LS)
|
Batting: SHB William Daly
|
0-0: Ball 1-0: Ball 2-0: Ball 3-0: Called Strike 3-1: Base on Balls
|
Batting: SHB Ralph Robison
|
0-0: Ball 1-0: Foul Ball, location: 2F 1-1: Ball 2-1: Ball 3-1: Foul Ball, location: 2F 3-2: Foul Ball, location: 2F 3-2: Base on Balls Doug Delaney to third William Daly to second
|
Batting: RHB Geomar Dalsoglio
|
0-0: Ball 1-0: Ball 2-0: Foul Ball, location: 2F 2-1: SINGLE (Groundball, 3D) Doug Delaney scores William Daly to third Ralph Robison to second Runner from 3rd tries for Home, SAFE, no throw or cutoff
|
Batting: RHB David Suarze
|
0-0: Ball 1-0: Called Strike 1-1: Swinging Strike 1-2: Ball 2-2: Strikes out swinging
|
Top of the 2nd over - 2 run(s), 3 hit(s), 0 error(s), 2 left on base; Scottsdale 7 - Kenosha 0 |
BOTTOM OF THE 2ND |
Kenosha Kingfish batting - Pitching for Scottsdale Scorpions : RHP Sterling Caldwell
|
Batting: RHB José Vargas
|
0-0: Ball 1-0: Foul Ball, location: 2F 1-1: Ball 2-1: SINGLE (Groundball, 2L) (infield hit)
|
Batting: RHB Sergio Mata
|
0-0: Called Strike 0-1: Foul Ball, location: 2F 0-2: Strikes out swinging
|
Batting: RHB Tommy Davenport
|
0-0: Ball José Vargas steals 2nd base 1-0: Foul Ball, location: 2F 1-1: Fly out, F7 (Flyball, 78M)
|
Batting: RHB Manuel Gómez
|
0-0: Called Strike 0-1: SINGLE (Groundball, 56) José Vargas to third Runner from 3rd tries for Home, SAFE, no throw or cutoff
|
Batting: SHB Devin Smith
|
0-0: Ball Manuel Gómez steals 2nd base 1-0: Foul Ball, location: 2F 1-1: Ground out 6-3 (Groundball, 6)
|
Bottom of the 2nd over - 1 run(s), 2 hit(s), 0 error(s), 1 left on base; Scottsdale 7 - Kenosha 1 |
TOP OF THE 3RD |
Scottsdale Scorpions batting - Pitching for Kenosha Kingfish : RHP Sid Allen
|
Batting: LHB José Garza
|
0-0: Called Strike 0-1: Swinging Strike 0-2: Strikes out looking
|
Batting: LHB Ernesto Hernández
|
0-0: Foul Ball, location: 2F 0-1: Foul Ball, location: 2F 0-2: Strikes out swinging
|
Batting: RHB Cristián Román
|
0-0: Foul Ball, location: 2F 0-1: SINGLE (Groundball, 6MD)
|
Batting: RHB Ricardo Gutiérrez
|
0-0: Ball 1-0: Fly out, F7 (Flyball, 78S)
|
Top of the 3rd over - 0 run(s), 1 hit(s), 0 error(s), 1 left on base; Scottsdale 7 - Kenosha 1 |
BOTTOM OF THE 3RD |
Kenosha Kingfish batting - Pitching for Scottsdale Scorpions : RHP Sterling Caldwell
|
Batting: RHB Francisco Martínez
|
0-0: Foul Ball, location: 2F 0-1: Ground out U3 (Groundball, 3L)
|
Batting: LHB Richard Brooks
|
0-0: Ball 1-0: Foul Ball, location: 2F 1-1: Called Strike 1-2: Ball 2-2: Ball 3-2: Base on Balls
|
Batting: RHB Matt Rodríguez
|
0-0: Called Strike 0-1: Hit by Pitch Richard Brooks to second
|
Batting: SHB Júlio Valentín
|
0-0: Ball 1-0: Called Strike Richard Brooks is caught stealing 3rd base Matt Rodríguez to second 1-1: Ground out 4-3 (Groundball, 4)
|
Bottom of the 3rd over - 0 run(s), 0 hit(s), 0 error(s), 1 left on base; Scottsdale 7 - Kenosha 1 |
TOP OF THE 4TH |
Scottsdale Scorpions batting - Pitching for Kenosha Kingfish : RHP Sid Allen
|
Pitching: LHP Javier Robles
|
|
Batting: RHB Doug Delaney
|
0-0: Foul Ball, location: 2F 0-1: SINGLE (Line Drive, 8RS)
|
Batting: SHB William Daly
|
0-0: Ball 1-0: Foul Ball, location: 2F 1-1: Ball 2-1: Ball 3-1: Base on Balls Doug Delaney to second
|
Batting: SHB Ralph Robison
|
0-0: Ball 1-0: Swinging Strike 1-1: Called Strike 1-2: Ball 2-2: Strikes out swinging
|
Batting: RHB Geomar Dalsoglio
|
0-0: Ball 1-0: Ball 2-0: Fly out, F4 (Popup, 4)
|
Batting: RHB David Suarze
|
0-0: Ball 1-0: Ball 2-0: Fly out, F9 (Flyball, 9D)
|
Top of the 4th over - 0 run(s), 1 hit(s), 0 error(s), 2 left on base; Scottsdale 7 - Kenosha 1 |
BOTTOM OF THE 4TH |
Kenosha Kingfish batting - Pitching for Scottsdale Scorpions : RHP Sterling Caldwell
|
Batting: RHB José Vargas
|
0-0: Called Strike 0-1: Called Strike 0-2: Foul Ball, location: 2F 0-2: Strikes out swinging
|
Batting: RHB Sergio Mata
|
0-0: Ball 1-0: Ball 2-0: Called Strike 2-1: Fly out, F9 (Flyball, 89S)
|
Batting: RHB Tommy Davenport
|
0-0: Ball 1-0: SINGLE (Line Drive, 56D)
|
Batting: RHB Manuel Gómez
|
0-0: Ball 1-0: Ball 2-0: Swinging Strike 2-1: SINGLE (Line Drive, 6M) Tommy Davenport to second
|
Batting: SHB Devin Smith
|
0-0: Called Strike 0-1: Called Strike 0-2: Ground out 6-3 (Groundball, 56D)
|
Bottom of the 4th over - 0 run(s), 2 hit(s), 0 error(s), 2 left on base; Scottsdale 7 - Kenosha 1 |
TOP OF THE 5TH |
Scottsdale Scorpions batting - Pitching for Kenosha Kingfish : LHP Javier Robles
|
Batting: LHB José Garza
|
0-0: Ground out 1-3 (Groundball, 13S)
|
Batting: LHB Ernesto Hernández
|
0-0: Ball 1-0: Foul Ball, location: 2F 1-1: Foul Ball, location: 2F 1-2: Strikes out swinging
|
Batting: RHB Cristián Román
|
0-0: Foul Ball, location: 2F 0-1: Ball 1-1: Fly out, F8 (Flyball, 8RD)
|
Top of the 5th over - 0 run(s), 0 hit(s), 0 error(s), 0 left on base; Scottsdale 7 - Kenosha 1 |
BOTTOM OF THE 5TH |
Kenosha Kingfish batting - Pitching for Scottsdale Scorpions : RHP Sterling Caldwell
|
Batting: RHB Francisco Martínez
|
0-0: Called Strike 0-1: Called Strike 0-2: Ball 1-2: Fly out, F9 (Popup, 89S)
|
Batting: LHB Richard Brooks
|
0-0: Called Strike 0-1: Ball 1-1: Ball 2-1: Swinging Strike 2-2: Strikes out swinging
|
Batting: RHB Matt Rodríguez
|
0-0: Ball 1-0: Ball 2-0: Foul Ball, location: 2F 2-1: Foul Ball, location: 2F 2-2: Foul Ball, location: 2F 2-2: Foul Ball, location: 2F 2-2: Ball 3-2: Foul Ball, location: 2F 3-2: Foul Ball, location: 2F 3-2: Foul Ball, location: 2F 3-2: Foul Ball, location: 2F 3-2: SINGLE (Groundball, 6MD)
|
Pitching: RHP Billy O'Neal
|
|
Batting: SHB Júlio Valentín
|
0-0: Foul Ball, location: 2F 0-1: Ball 1-1: Foul Ball, location: 2F 1-2: Ground out 4-3 (Groundball, 4)
|
Bottom of the 5th over - 0 run(s), 1 hit(s), 0 error(s), 1 left on base; Scottsdale 7 - Kenosha 1 |
TOP OF THE 6TH |
Scottsdale Scorpions batting - Pitching for Kenosha Kingfish : LHP Javier Robles
|
Batting: RHB Ricardo Gutiérrez
|
0-0: Called Strike 0-1: Ball 1-1: Ball 2-1: Ball 3-1: Swinging Strike 3-2: Fly out, F9 (Flyball, 89M)
|
Batting: RHB Doug Delaney
|
0-0: Ball 1-0: Ball 2-0: Ball 3-0: Base on Balls
|
Batting: SHB William Daly
|
0-0: Called Strike 0-1: Ball 1-1: Foul Ball, location: 2F 1-2: Ball 2-2: Strikes out swinging Doug Delaney steals 2nd base Batter strikes out.
|
Batting: SHB Ralph Robison
|
0-0: Called Strike 0-1: Swinging Strike 0-2: Ball 1-2: Strikes out looking
|
Top of the 6th over - 0 run(s), 0 hit(s), 0 error(s), 1 left on base; Scottsdale 7 - Kenosha 1 |
BOTTOM OF THE 6TH |
Kenosha Kingfish batting - Pitching for Scottsdale Scorpions : RHP Billy O'Neal
|
Batting: RHB José Vargas
|
0-0: Hit by Pitch
|
Batting: RHB Sergio Mata
|
0-0: Foul Ball, location: 2F 0-1: Called Strike 0-2: Strikes out swinging
|
Batting: RHB Tommy Davenport
|
0-0: 2-RUN HOME RUN (Flyball, 89XD), Distance : 429 ft
|
Batting: RHB Manuel Gómez
|
0-0: Called Strike 0-1: Ball 1-1: Swinging Strike 1-2: Ball 2-2: Ball 3-2: Ground out 6-3 (Groundball, 6)
|
Batting: SHB Devin Smith
|
0-0: Ball 1-0: Ball 2-0: Called Strike 2-1: Ball 3-1: Foul Ball, location: 2F 3-2: Foul Ball, location: 2F 3-2: Strikes out swinging
|
Bottom of the 6th over - 2 run(s), 1 hit(s), 0 error(s), 0 left on base; Scottsdale 7 - Kenosha 3 |
TOP OF THE 7TH |
Scottsdale Scorpions batting - Pitching for Kenosha Kingfish : LHP Javier Robles
|
Pitching: RHP Júlio Vargas
|
|
Batting: RHB Geomar Dalsoglio
|
0-0: Called Strike 0-1: Ball 1-1: Foul Ball, location: 2F 1-2: Ball 2-2: Ball 3-2: Foul Ball, location: 2F 3-2: Base on Balls
|
Batting: RHB David Suarze
|
0-0: Called Strike 0-1: Called Strike 0-2: Ball 1-2: Strikes out looking
|
Batting: LHB José Garza
|
0-0: Ball 1-0: Ball 2-0: Foul Ball, location: 2F 2-1: Called Strike 2-2: Strikes out looking
|
Batting: LHB Ernesto Hernández
|
0-0: Ball Throwing error on steal attempt, E2 Geomar Dalsoglio to third 1-0: DOUBLE (Flyball, 7LM) Geomar Dalsoglio scores
|
Pinch Runner at 2nd Felipe Domínguez:
|
|
Batting: RHB Cristián Román
|
0-0: Swinging Strike 0-1: Ball 1-1: Called Strike 1-2: Ball 2-2: Ball 3-2: SINGLE (Line Drive, 6M) Felipe Domínguez to third Felipe Domínguez scores
|
Batting: RHB Ricardo Gutiérrez
|
0-0: Called Strike 0-1: Ball 1-1: Fly out, F4 (Popup, 13)
|
Top of the 7th over - 2 run(s), 2 hit(s), 1 error(s), 1 left on base; Scottsdale 9 - Kenosha 3 |
BOTTOM OF THE 7TH |
Kenosha Kingfish batting - Pitching for Scottsdale Scorpions : RHP Billy O'Neal
|
Now in LF: Felipe Domínguez
|
|
Batting: RHB Francisco Martínez
|
0-0: Called Strike 0-1: Ball 1-1: Ball 2-1: Swinging Strike 2-2: Fly out, F3 (Popup, 3F)
|
Batting: LHB Richard Brooks
|
0-0: Ball 1-0: Ball 2-0: Ball 3-0: Base on Balls
|
Batting: RHB Matt Rodríguez
|
0-0: Called Strike 0-1: Fly out, F4 (Popup, 4)
|
Batting: SHB Júlio Valentín
|
0-0: Ball 1-0: Called Strike 1-1: Ball 2-1: Called Strike 2-2: Ball Richard Brooks is caught stealing 2nd base
|
Bottom of the 7th over - 0 run(s), 0 hit(s), 0 error(s), 0 left on base; Scottsdale 9 - Kenosha 3 |
TOP OF THE 8TH |
Scottsdale Scorpions batting - Pitching for Kenosha Kingfish : RHP Júlio Vargas
|
Batting: RHB Doug Delaney
|
0-0: Ball 1-0: Foul Ball, location: 2F 1-1: Ball 2-1: Ball 3-1: Base on Balls
|
Batting: SHB William Daly
|
0-0: Ball Single, Error in OF, E7, batter to second base Doug Delaney to third
|
Batting: SHB Ralph Robison
|
0-0: Ball 1-0: SINGLE (Line Drive, 6MD) Doug Delaney scores William Daly to third
|
Batting: RHB Geomar Dalsoglio
|
0-0: Ball 1-0: Ball 2-0: Ball 3-0: Called Strike 3-1: Swinging Strike 3-2: Foul Ball, location: 2F 3-2: SINGLE (Groundball, 56) William Daly scores Ralph Robison to second
|
Pitching: RHP Bo Adams
|
|
Batting: RHB David Suarze
|
0-0: Fly out, F4 (Popup, 4)
|
Batting: LHB José Garza
|
0-0: Swinging Strike 0-1: Ball 1-1: Called Strike 1-2: Strikes out swinging
|
Batting: RHB Felipe Domínguez
|
0-0: Foul Ball, location: 2F 0-1: Called Strike 0-2: Ball 1-2: Ball 2-2: Foul Ball, location: 2F 2-2: Ball 3-2: Foul Ball, location: 2F 3-2: Base on Balls Ralph Robison to third Geomar Dalsoglio to second
|
Batting: RHB Cristián Román
|
0-0: Ground out 6-3 (Groundball, 6S)
|
Top of the 8th over - 2 run(s), 3 hit(s), 1 error(s), 3 left on base; Scottsdale 11 - Kenosha 3 |
BOTTOM OF THE 8TH |
Kenosha Kingfish batting - Pitching for Scottsdale Scorpions : RHP Billy O'Neal
|
Pitching: RHP John Field
|
|
Batting: SHB Júlio Valentín
|
0-0: Ball 1-0: Swinging Strike 1-1: Foul Ball, location: 2F 1-2: Ball 2-2: SOLO HOME RUN (Flyball, 7D), Distance : 380 ft
|
Batting: RHB José Vargas
|
0-0: Ground out U3 (Groundball, 3S)
|
Batting: RHB Sergio Mata
|
0-0: SOLO HOME RUN (Flyball, 7D), Distance : 378 ft
|
Batting: RHB Tommy Davenport
|
0-0: Ball 1-0: Fly out, F9 (Flyball, 9LM)
|
Batting: RHB Manuel Gómez
|
0-0: Ball 1-0: Called Strike 1-1: Called Strike 1-2: Ball 2-2: Strikes out swinging
|
Bottom of the 8th over - 2 run(s), 2 hit(s), 0 error(s), 0 left on base; Scottsdale 11 - Kenosha 5 |
TOP OF THE 9TH |
Scottsdale Scorpions batting - Pitching for Kenosha Kingfish : RHP Bo Adams
|
Batting: RHB Ricardo Gutiérrez
|
0-0: Ball 1-0: Ground out 6-3 (Groundball, 6)
|
Batting: RHB Doug Delaney
|
0-0: Ball 1-0: Called Strike 1-1: Ball 2-1: Called Strike 2-2: Foul Ball, location: 2F 2-2: Ball 3-2: Ground out 4-3 (Groundball, 4M)
|
Batting: SHB William Daly
|
0-0: Ball 1-0: Called Strike 1-1: Called Strike 1-2: Ball 2-2: Ball 3-2: Fly out, F6 (Popup, 5D)
|
Top of the 9th over - 0 run(s), 0 hit(s), 0 error(s), 0 left on base; Scottsdale 11 - Kenosha 5 |
BOTTOM OF THE 9TH |
Kenosha Kingfish batting - Pitching for Scottsdale Scorpions : RHP John Field
|
Now at C: Sergio Domínguez
|
|
Batting: SHB Devin Smith
|
0-0: Fly out, F7 (Flyball, 78D)
|
Batting: RHB Francisco Martínez
|
0-0: Ball 1-0: Swinging Strike 1-1: Ball 2-1: Reached on error, E4 (Groundball, 4)
|
Batting: LHB Richard Brooks
|
0-0: Ball 1-0: Swinging Strike 1-1: Ball 2-1: Called Strike 2-2: Foul Ball, location: 2F 2-2: Strikes out swinging
|
Batting: RHB Matt Rodríguez
|
0-0: Swinging Strike 0-1: Foul Ball, location: 2F 0-2: Ball 1-2: Ball 2-2: Strikes out swinging
|
Bottom of the 9th over - 0 run(s), 0 hit(s), 1 error(s), 1 left on base; Scottsdale 11 - Kenosha 5 |
|